 Dungeon Crawl Stone Soup version 0.23.2-40-g277498a001 (webtiles) character file.

Game seed: 9430198775347313768

128064 Exodus22XD the Devastator (level 16, -46/76 HPs)
             Began as a Deep Elf Wizard on Sept 14, 2019.
             Was the Champion of Vehumet.
             Killed from afar by Mara (illusionary) (60 damage)
             ... with a bolt of fire
             ... on level 4 of the Spider Nest.
             The game lasted 04:36:31 (36149 turns).

Exodus22XD the Devastator (Deep Elf Wizard)        Turns: 36149, Time: 04:36:32

Health: -46/76     AC:  9    Str:  5    XL:     16   Next: 47%
Magic:  36/52      EV: 18    Int: 40    God:    Vehumet [******]
Gold:   1789       SH:  0    Dex: 14    Spells: 4/46 levels left

rFire    . . .     SeeInvis +   N - staff of power
rCold    x . .     Gourm    +   (no shield)
rNeg     . . .     Faith    .   y - +0 leather armour of Polish {rPois rC- Int+5}
rPois    +         Spirit   .   l - +2 hat
rElec    .         Reflect  .   X - scarf {cloud immunity}
rCorr    .         Harm     .   n - +2 pair of gloves
MR       +++..                  (no boots)
Stlth    ++........             u - amulet of the gourmand
HPRegen  0.22/turn              R - ring of the Octopus King {AC+1 EV+1 Str+1 Int+1 Dex+1 SInv}
MPRegen  0.33/turn              Y - ring of the Mage {Wiz MR++ Int+3}

@: very slightly contaminated, invisible, deflect missiles
A: no striking features
a: Renounce Religion


You were on level 4 of the Spider Nest.
You worshipped Vehumet.
Vehumet was exalted by your worship.
You were completely stuffed.

You visited 6 branches of the dungeon, and saw 28 of its levels.

You collected 3154 gold pieces.
You spent 1365 gold pieces at shops.

Inventory:

Armour
 l - a +2 hat (worn)
 n - a +2 pair of gloves (worn)
 y - the +0 leather armour of Polish (worn) {rPois rC- Int+5}
   (You found it on level 14 of the Dungeon)

   It affects your intelligence (+5).
   It makes you vulnerable to cold.
   It protects you from poison.
 T - +0 steam dragon scales
 X - a scarf of cloud immunity (worn)
Magical Staves
 N - an uncursed staff of power (weapon)
Jewellery
 e - an uncursed ring of protection from cold
 u - an amulet of the gourmand (around neck)
 O - an uncursed ring of protection from fire
 R - a ring of the Octopus King (left hand) {AC+1 EV+1 Str+1 Int+1 Dex+1 SInv}
   (You found it on level 2 of the Lair of Beasts)

   [ring of see invisible]

   It affects your AC (+1).
   It affects your evasion (+1).
   It affects your strength (+1).
   It affects your intelligence (+1).
   It affects your dexterity (+1).
   It lets you see invisible.
 W - an uncursed amulet of magic regeneration
 Y - the ring of the Mage (right hand) {Wiz MR++ Int+3}
   (You bought it in a shop on level 2 of the Orcish Mines)

   [ring of wizardry]

   It improves your spell success rate.
   It affects your intelligence (+3).
   It affects your resistance to hostile enchantments.
 Z - an uncursed ring of ice
Wands
 g - a wand of digging (14)
 B - a wand of iceblast (3)
 D - a wand of scattershot (8)
 S - a wand of disintegration (18)
 U - a wand of paralysis (11)
 V - a wand of flame (16)
Scrolls
 a - 3 scrolls of identify
 h - a scroll of torment
 m - 11 scrolls of remove curse
 q - 5 scrolls of enchant weapon
 r - 5 scrolls of teleportation
 t - 6 scrolls of amnesia
 x - 3 scrolls of fog
 z - a scroll of vulnerability
 E - a scroll of magic mapping
 F - 4 scrolls of silence
 J - a scroll of blinking
 K - 2 scrolls of immolation
 Q - 4 scrolls of enchant armour
Potions
 b - 3 potions of berserk rage
 c - 3 potions of magic
 f - 3 potions of might
 i - 3 potions of brilliance
 j - 7 potions of haste
 o - 3 potions of resistance
 s - 3 potions of lignification
 v - 5 potions of agility
 w - 4 potions of flight
 A - 2 potions of heal wounds
 C - 9 potions of curing
 G - 4 potions of cancellation
 H - 3 potions of mutation
 I - 2 potions of ambrosia
 L - 2 potions of invisibility
Miscellaneous
 k - a lamp of fire
 p - a phantom mirror
 P - a sack of spiders
Comestibles
 d - 57 rations
 M - 2 chunks of flesh


   Skills:
 - Level 10.8 Dodging
 - Level 2.4 Stealth
 * Level 15.9 Spellcasting
 - Level 18.6 Conjurations
 - Level 10.7 Charms
 - Level 10.5 Summonings
 - Level 1.1 Translocations
 - Level 10.4 Fire Magic
   Level 0.1 Ice Magic
 - Level 10.2 Air Magic
 - Level 5.4 Poison Magic


You had 4 spell levels left.
You knew the following spells:

 Your Spells              Type           Power        Failure   Level  Hunger
a - Magic Dart            Conj           ####         0%          1    None
b - Summon Lightning Spi  Summ/Air       #######.     1%          4    None
c - Blink                 Tloc           N/A          1%          2    None
d - Conjure Flame         Conj/Fire      #######.     0%          3    None
e - Olgreb's Toxic Radia  Pois           ######..     1%          4    None
f - Conjure Ball Lightni  Conj/Air       #######...   1%          6    None
g - Fireball              Conj/Fire      #######...   1%          5    None
h - Deflect Missiles      Chrm/Air       #######...   1%          6    None
i - Lightning Bolt        Conj/Air       #######...   1%          5    None
j - Iron Shot             Conj/Erth      #######...   1%          6    None

Your spell library contained the following spells:

 Spells                   Type           Power        Failure   Level  Hunger
 Flame Tongue             Conj/Fire      #####        0%          1    None
 Summon Small Mammal      Summ           ####         0%          1    None
 Throw Flame              Conj/Fire      ######       0%          2    None
 Corona                   Hex            ####...      1%          1    None
 Call Imp                 Summ           #######.     1%          2    None
 Ensorcelled Hibernation  Hex/Ice        ####..       1%          2    None
 Slow                     Hex            ####....     1%          2    None
 Call Canine Familiar     Summ           #######.     1%          3    None
 Confuse                  Hex            ####....     1%          3    None
 Dazzling Spray           Conj/Hex       ######       1%          3    None
 Gell's Gravitas          Tloc           #####.....   1%          3    None
 Inner Flame              Hex/Fire       ######..     1%          3    None
 Mephitic Cloud           Conj/Pois/Air  #######.     1%          3    None
 Portal Projectile        Hex/Tloc       #####.       1%          3    None
 Summon Guardian Golem    Hex/Summ       ######..     1%          3    None
 Tukima's Dance           Hex            ####....     1%          3    None
 Force Lance              Conj/Tloc      #######.     1%          4    None
 Sticky Flame             Conj/Fire      #######.     1%          4    None
 Summon Ice Beast         Ice/Summ       ######..     1%          4    None
 Silence                  Hex/Air        ######....   2%          5    None
 Dispersal                Tloc           #####.....   50%         6    None
 Tornado                  Air            #######...   86%         9    ######.
 Controlled Blink         Tloc           N/A          100%        8    #####..
 Disjunction              Tloc           #####.....   100%        8    #####..


Dungeon Overview and Level Annotations

Branches:
Dungeon (14/15)            Temple (1/1) D:4            Lair (6/6) D:11
  Swamp (0/4) Lair:2       Spider (4/4) Lair:2        Slime (0/5) Lair:6
    Orc (2/2) D:9             Elf (1/3) Orc:2        Vaults (0/5) D:13

Altars:
Ashenzari
Dithmenos
Elyvilon
Fedhas
Hepliaklqana
Kikubaaqudgha
Makhleb
Nemelex Xobeh
Qazlal
Sif Muna
Trog
Uskayaw
Vehumet
Xom
Yredelemnul
Zin
The Shining One
Beogh

Shops:
D:12 !   Orc:2 =(*}

Annotations:
D:12 3 runed translucent doors, Amplified's ghost, journeyman MiWr
D:14 1 runed translucent door, MajorAdolf's ghost, journeyman NaWn
Lair:5 2 transporters, bildradio's ghost, adept GrEE
Spider:4 Arachne; Mara


Message History

You fade into invisibility!
The spark wasp stings you!! The spark wasp shocks you!
* * * LOW HITPOINT WARNING * * *
You are very lightly contaminated with residual magic.
Your lightning spire disappears in a puff of smoke!
Mara evades a web.
Blink to where?
Press: ? - help, Dir - move target cursor, p - spark wasp
As you read the scroll of blinking, it crumbles to dust.
A redback comes into view.
An orb spider comes into view.
Mara shimmers.
Mara shimmers and seems to become three!
Press: ? - help, v - describe, . - travel
Here: a demonic crawler The floor.
Mara blinks!
Mara gestures at you. The bolt of fire hits you!!!
Ouch! That really hurt!
You die...

s....H......
#...........
#............#
##........^...#
##.....^.......#
##..............#
##...^...........#
##^^.....@........#
^##........§........#
..........§†..§.....#
..........§ss.§.....#
.........^..y......^#
.....^.s...s$.......#
......s.R.R.†.......#
..........§R........#
...^$...............#


You could see Arachne, 3 Maras, a spark wasp (wandering), a demonic crawler, 2
orb spiders, a jumping spider, a tarantella (wandering) and a redback
(wandering).

Vanquished Creatures
  Kirke (Lair:4)
  An emperor scorpion (Spider:4)
  2 entropy weavers (Spider:3)
  Nessos (Lair:4)
  2 dire elephants (Lair:6)
  An ice dragon (Lair:6)
  5 catoblepae
  3 centaur warriors
  7 hydras
  A death knight (D:13)
  4 two-headed ogres
  3 death yaks (Lair:6)
  4 orc high priests (Orc:2)
  A vampire mage (D:14)
  Sonja (D:11)
  2 skeletal warriors (D:14)
  An unseen horror (D:10)
  3 lindwurms (Lair:6)
  4 phantasmal warriors (D:14)
  10 wolf spiders
  An orc knight (Orc:2)
  6 orb spiders
  Pikel (D:8)
  3 wolf spider zombies (D:14)
  4 manticores
  A cyclops (D:14)
  5 ugly things
  16 elephants
  3 orc sorcerers
  2 moths of wrath
  Maurice (D:10)
  A black mamba (Lair:6)
  Joseph (D:8)
  3 torpor snails (Lair:6)
  16 spiny frogs
  A gargoyle (D:10)
  3 demonic crawlers
  An efreet (D:14)
  9 komodo dragons
  14 rime drakes
  10 jumping spiders
  2 polar bears
  4 trolls
  2 tyrant leeches (Lair:6)
  3 hornets (Lair:6)
  6 blink frogs
  Grinder (D:5)
  4 hippogriffs
  7 dream sheep
  2 flying skulls (D:14)
  Sigmund (D:6)
  2 shadows
  22 tarantellas
  A hippogriff (shapeshifter) (Elf:1)
  35 redbacks
  4 wyverns
  A wraith (D:10)
  2 hogs (Lair:4)
  53 yaks
  4 fire bats
  2 basilisks
  10 steam dragons (Lair:6)
  2 vampire mosquitoes (D:14)
  Menkaure (D:6)
  Edmund (D:6)
  An acid dragon (D:11)
  Duvessa (D:5)
  14 water moccasins
  7 porcupines
  15 orc warriors
  A phantom (D:9)
  4 ice beasts
  3 sky beasts
  3 black bears
  A necrophage (D:9)
  An eye of draining (D:9)
  10 ogres
  A wolf (Lair:6)
  16 crocodiles
  8 centaurs
  15 bullfrogs
  A big kobold (D:9)
  Dowan (D:5)
  2 wyvern zombies
  3 killer bees (D:7)
  5 wights
  3 electric eels
  3 crimson imps
  Crazy Yiuf (D:4)
  19 orc priests
  2 bullfrog zombies (D:10)
  4 centaur zombies
  6 hounds
  5 jellies
  8 centaur skeletons
  15 orc wizards
  2 bullfrog skeletons
  4 iguanas
  Ijyb (D:5)
  Terence (D:3)
  8 worker ants
  A killer bee zombie (D:8)
  A hound zombie (D:10)
  A hound skeleton (D:4)
  A howler monkey zombie (D:5)
  2 worker ant zombies
  A howler monkey skeleton (D:10)
  12 adders
  5 shadow imps
  2 oozes
  A worm (D:2)
  A dart slug (D:1)
  3 leopard geckos
  61 orcs
  3 ball pythons
  6 bats
  5 giant cockroaches
  4 goblins
  6 hobgoblins
  2 jackals (D:7)
  8 quokkas
  2 jackal skeletons
  6 kobolds
  A leopard gecko skeleton (D:7)
  5 rats
  9 bushes (Lair:6)
  4 fungi
  4 plants (Lair:6)
683 creatures vanquished.

Vanquished Creatures (collateral kills)
  An emperor scorpion (Spider:3)
  An orc warlord (Orc:2)
  A fire dragon (Lair:6)
  2 eidola (D:14)
  Josephine (D:10)
  A vault guard (D:13)
  A hydra (Lair:4)
  A two-headed ogre (D:10)
  A death knight (D:14)
  A tengu warrior (D:10)
  An orc high priest (Orc:2)
  2 skeletal warriors (D:14)
  2 lindwurms
  An orb spider (Spider:2)
  An orc knight (Orc:2)
  5 orc sorcerers
  A deep elf mage (D:12)
  6 wolf spiders
  7 ugly things
  A cyclops (D:13)
  4 centaur zombies (D:14)
  7 elephants
  A water nymph (shapeshifter) (D:13)
  3 torpor snails (Lair:6)
  3 centaur skeletons (D:14)
  A rime drake (Lair:6)
  2 demonic crawlers
  3 jumping spiders
  A tyrant leech (Lair:6)
  4 hornets (Lair:6)
  A troll (Orc:2)
  A hippogriff (D:11)
  A dream sheep (Lair:6)
  10 redbacks
  2 flying skulls (D:14)
  4 tarantellas
  5 wraiths
  4 yaks
  2 hogs (Lair:4)
  A hungry ghost (D:10)
  A basilisk (Lair:6)
  A vampire mosquito (D:14)
  A warg (Orc:1)
  2 water moccasins
  10 orc warriors
  An ogre (Orc:2)
  A scorpion (D:12)
  2 killer bees (D:7)
  3 wights (D:9)
  A crimson imp (D:13)
  A jelly (D:14)
  2 hounds
  3 orc priests (Orc:2)
  5 orc wizards
  A worker ant (D:10)
  An adder (D:12)
  An adder zombie (D:5)
  6 orcs
141 creatures vanquished.

Vanquished Creatures (others)
  6 ball lightnings
  A centaur (D:8)
  2 jellies (D:8)
  An adder (D:8)
  A quokka (D:8)
  46 bushes (Lair:6)
  14 fungi
  13 plants
84 creatures vanquished.

Grand Total: 908 creatures vanquished

Notes
Turn   | Place    | Note
-------+----------+-------------------------------------------
     0 | D:1      | Exodus22XD the Deep Elf Wizard began the quest for the Orb.
     0 | D:1      | Reached XP level 1. HP: 10/10 MP: 7/7
   312 | D:1      | Reached skill level 2 in Conjurations
   530 | D:1      | Reached XP level 2. HP: 15/15 MP: 3/9
  1106 | D:2      | Found a burning altar of Makhleb.
  1110 | D:2      | Reached skill level 3 in Conjurations
  1110 | D:2      | Reached XP level 3. HP: 19/19 MP: 5/10
  1185 | D:2      | Reached skill level 4 in Conjurations
  1529 | D:3      | Reached XP level 4. HP: 24/24 MP: 10/12
  1594 | D:3      | Found a stormy altar of Qazlal.
  1625 | D:3      | Noticed Terence
  1630 | D:3      | Learned a level 2 spell: Call Imp
  1633 | D:3      | Learned a level 2 spell: Blink
  1637 | D:3      | Learned a level 3 spell: Conjure Flame
  1641 | D:3      | Learned a level 3 spell: Mephitic Cloud
  1677 | D:3      | Killed Terence
  2041 | D:3      | Reached XP level 5. HP: 28/28 MP: 5/13
  2192 | D:3      | Found a shimmering altar of Xom.
  2508 | D:3      | Found a glowing golden altar of the Shining One.
  2637 | D:4      | Noticed an ogre
  2668 | D:4      | HP: 1/28 [orc wizard/magic dart (1)]
  2983 | D:4      | Found a staircase to the Ecumenical Temple.
  2998 | Temple   | Entered the Ecumenical Temple
  3013 | Temple   | Became a worshipper of Vehumet
  3086 | D:4      | Noticed a centaur
  3100 | D:4      | Killed a centaur
  3100 | D:4      | Reached skill level 5 in Summonings
  3100 | D:4      | Reached XP level 6. HP: 12/32 MP: 9/14
  3180 | D:4      | Reached skill level 1 in Fire Magic
  3793 | D:4      | Reached XP level 7. HP: 36/36 MP: 6/15
  4205 | D:4      | Found a runed translucent door.
  4206 | D:4      | Noticed Crazy Yiuf
  4218 | D:4      | Killed Crazy Yiuf
  4218 | D:4      | Reached skill level 5 in Conjurations
  4388 | D:5      | Entered Level 5 of the Dungeon
  4839 | D:5      | Noticed Grinder
  5104 | D:5      | Paralysed by Grinder for 5 turns
  5124 | D:5      | Killed Grinder
  5124 | D:5      | Reached skill level 6 in Conjurations
  5357 | D:5      | Reached skill level 7 in Conjurations
  5357 | D:5      | Reached XP level 8. HP: 38/41 MP: 8/16
  5375 | D:5      | Noticed Ijyb
  5382 | D:5      | Killed Ijyb
  5798 | D:5      | Reached * piety under Vehumet
  5798 | D:5      | Offered knowledge of Sandblast by Vehumet.
  5859 | D:5      | Noticed Duvessa
  5859 | D:5      | Noticed Dowan
  5867 | D:5      | Killed Duvessa
  5867 | D:5      | Reached skill level 8 in Conjurations
  5871 | D:5      | Killed Dowan
  5871 | D:5      | Reached skill level 5 in Spellcasting
  5989 | D:5      | Found a white marble altar of Elyvilon.
  6257 | D:6      | Reached skill level 9 in Conjurations
  6415 | D:6      | Noticed Edmund
  6434 | D:6      | Killed Edmund
  6512 | D:6      | Noticed Menkaure
  6540 | D:6      | Killed Menkaure
  6682 | D:6      | Noticed Sigmund
  6705 | D:6      | Killed Sigmund
  6705 | D:6      | Reached skill level 10 in Conjurations
  7162 | D:7      | Reached XP level 9. HP: 44/45 MP: 9/20
  7825 | D:7      | Offered knowledge of Throw Frost by Vehumet.
  7935 | D:7      | Reached ** piety under Vehumet
  8178 | D:7      | Found an ancient bone altar of Kikubaaqudgha.
  8393 | D:8      | You fall through a shaft for 2 floors!
  8393 | D:10     | Entered Level 10 of the Dungeon
  8628 | D:9      | Learned a level 2 spell: Throw Frost
  8680 | D:9      | Reached skill level 10 in Spellcasting
  8811 | D:9      | Reached skill level 5 in Fire Magic
  8872 | D:9      | Found a staircase to the Orcish Mines.
  9461 | D:8      | Noticed Pikel
  9466 | D:8      | Learned a level 5 spell: Fireball
  9481 | D:8      | Killed Pikel
  9481 | D:8      | Reached XP level 10. HP: 31/50 MP: 17/26
  9709 | D:8      | Noticed Joseph
  9779 | D:8      | Killed Joseph
  9855 | D:8      | Found a deep blue altar of Sif Muna.
  9923 | D:8      | Offered knowledge of Stone Arrow by Vehumet.
  9968 | D:8      | Found a hazy altar of Hepliaklqana.
  9982 | D:8      | Found a sparkling altar of Nemelex Xobeh.
 10161 | D:9      | Found a basalt altar of Yredelemnul.
 10513 | D:9      | Noticed a two-headed ogre
 10534 | D:9      | Killed a two-headed ogre
 10534 | D:9      | Reached skill level 10 in Fire Magic
 10803 | D:9      | Learned a level 4 spell: Summon Lightning Spire
 10996 | D:10     | Noticed a two-headed ogre
 11005 | D:10     | Killed a two-headed ogre
 11074 | D:10     | Noticed a gargoyle
 11076 | D:10     | Killed a gargoyle
 11184 | D:10     | Reached *** piety under Vehumet
 11299 | D:10     | Noticed a tengu warrior
 11311 | D:10     | Killed a tengu warrior
 11311 | D:10     | Reached XP level 11. HP: 32/54 MP: 0/27
 11885 | D:10     | Killed an unseen horror
 12022 | D:10     | Noticed Maurice
 12025 | D:10     | Killed Maurice
 12025 | D:10     | Offered knowledge of Airstrike by Vehumet.
 12225 | D:10     | Noticed a six-headed hydra
 12225 | D:10     | Noticed a green ugly thing
 12228 | D:10     | Noticed a two-headed ogre
 12232 | D:10     | Killed a six-headed hydra
 12232 | D:10     | Reached skill level 10 in Summonings
 12243 | D:10     | Killed a green ugly thing
 12464 | D:10     | Noticed Josephine
 12469 | D:10     | Reached skill level 11 in Conjurations
 12470 | D:10     | Killed Josephine
 12791 | D:10     | Reached **** piety under Vehumet
 12886 | D:10     | Killed a two-headed ogre
 13248 | D:11     | Found a staircase to the Lair.
 13259 | D:11     | Noticed Sonja
 13262 | D:11     | Killed Sonja
 13262 | D:11     | Reached skill level 12 in Conjurations
 14512 | Lair:1   | Entered Level 1 of the Lair of Beasts
 14525 | Lair:1   | Noticed an eight-headed hydra
 14532 | Lair:1   | Killed an eight-headed hydra
 14700 | Lair:1   | Reached skill level 13 in Conjurations
 14708 | Lair:1   | Reached XP level 12. HP: 59/59 MP: 18/28
 14939 | Lair:1   | Offered knowledge of Static Discharge by Vehumet.
 15385 | Lair:1   | Reached skill level 14 in Conjurations
 16208 | Lair:2   | Reached skill level 15 in Conjurations
 16361 | Lair:2   | Noticed a catoblepas
 16374 | Lair:2   | Reached ***** piety under Vehumet
 16374 | Lair:2   | Offered knowledge of Olgreb's Toxic Radiance by Vehumet.
 16449 | Lair:2   | Found a hole to the Spider Nest.
 16482 | Lair:2   | Found the ring of the Octopus King
 16494 | Lair:2   | Got a ring of the Octopus King
 16496 | Lair:2   | Identified a ring of the Octopus King {AC+1 EV+1 Str+1
                  | Int+1 Dex+1 SInv} (You found it on level 2 of the Lair of
                  | Beasts)
 16543 | Lair:2   | Found a staircase to the Swamp.
 16622 | Lair:2   | Killed a catoblepas
 17397 | Lair:3   | Got a fine dagger
 17404 | Lair:3   | Identified the +6 dagger of the Orcish Mines {drain, rC-
                  | Int+2 Dex+2} (You found it on level 3 of the Lair of
                  | Beasts)
 17485 | Lair:3   | Learned a level 4 spell: Olgreb's Toxic Radiance
 17501 | Lair:3   | Found a sparkling altar of Nemelex Xobeh.
 17923 | Lair:4   | Noticed a catoblepas
 17923 | Lair:4   | Noticed a catoblepas
 18013 | Lair:4   | Noticed Nessos
 18126 | Lair:4   | Reached skill level 1 in Poison Magic
 18198 | Lair:4   | Noticed a seven-headed hydra
 18204 | Lair:4   | Killed a seven-headed hydra
 18204 | Lair:4   | Reached XP level 13. HP: 63/63 MP: 30/31
 18413 | Lair:4   | Reached skill level 5 in Poison Magic
 18566 | Lair:4   | Killed Nessos
 18732 | Lair:4   | Reached skill level 5 in Dodging
 18779 | Lair:4   | Noticed Kirke
 18788 | Lair:4   | Killed Kirke
 19696 | Lair:5   | Found a transporter.
 19702 | Lair:5   | Noticed bildradio's ghost (adept GrEE)
 19728 | Lair:5   | Found a transporter.
 19755 | Lair:5   | Offered knowledge of Bolt of Draining by Vehumet.
 20261 | Lair:6   | Entered Level 6 of the Lair of Beasts
 20263 | Lair:6   | Reached skill level 10 in Dodging
 20672 | Lair:6   | Found a runed translucent door.
 20883 | Lair:6   | Reached skill level 16 in Conjurations
 20889 | Lair:6   | Reached XP level 14. HP: 62/68 MP: 23/32
 21737 | Lair:6   | Reached skill level 17 in Conjurations
 22106 | Lair:6   | Offered knowledge of Bolt of Magma by Vehumet.
 22302 | Lair:6   | Reached skill level 18 in Conjurations
 22645 | Lair:6   | Found a staircase to the Slime Pits.
 23356 | Lair:6   | Learned a level 6 spell: Deflect Missiles
 23594 | Spider:1 | Entered Level 1 of the Spider Nest
 23597 | Spider:1 | Reached skill level 1 in Charms
 23784 | Spider:1 | Reached skill level 5 in Charms
 24134 | Spider:1 | HP: 3/68 [poisoned by a wolf spider]
 24142 | Spider:1 | HP: 3/68 [poisoned by a wolf spider]
 25284 | Spider:2 | Reached XP level 15. HP: 44/72 MP: 20/33
 25316 | Spider:1 | HP: 3/72 [poisoned by a redback]
 25322 | Spider:1 | HP: 2/72 [poisoned by a redback]
 25329 | Spider:1 | HP: 1/72 [poisoned by a redback]
 26329 | Spider:2 | Reached skill level 10 in Charms
 26525 | Spider:2 | Reached skill level 1 in Air Magic
 26747 | Spider:2 | Offered knowledge of Lightning Bolt by Vehumet.
 27608 | Spider:2 | Learned a level 5 spell: Lightning Bolt
 27674 | Spider:3 | Reached skill level 5 in Air Magic
 28529 | Spider:4 | Entered Level 4 of the Spider Nest
 28715 | Spider:4 | Noticed Mara
 28739 | Spider:4 | Noticed Arachne
 29179 | D:12     | Found a runed translucent gate.
 29180 | D:12     | Found a runed translucent gate.
 29181 | D:12     | Found a runed translucent gate.
 29181 | D:12     | Noticed Amplified's ghost (journeyman MiWr)
 29443 | D:12     | Found Tirchejiosch's Distillery.
 29449 | D:12     | Bought 2 potions of curing for 60 gold pieces
 29449 | D:12     | Bought a potion of cancellation for 80 gold pieces
 29449 | D:12     | Bought a potion of invisibility for 80 gold pieces
 29449 | D:12     | Bought a potion of heal wounds for 50 gold pieces
 29449 | D:12     | Bought a potion of resistance for 100 gold pieces
 29449 | D:12     | Bought a potion of curing for 30 gold pieces
 29449 | D:12     | Bought a potion of curing for 30 gold pieces
 29449 | D:12     | Bought a potion of curing for 30 gold pieces
 29449 | D:12     | Bought 2 potions of heal wounds for 100 gold pieces
 29449 | D:12     | Bought a potion of curing for 30 gold pieces
 29892 | Orc:1    | Entered Level 1 of the Orcish Mines
 30372 | Orc:1    | Reached ****** piety under Vehumet
 30427 | Orc:2    | Entered Level 2 of the Orcish Mines
 30453 | Orc:2    | Offered knowledge of Bolt of Fire by Vehumet.
 30476 | Orc:2    | Learned a level 6 spell: Conjure Ball Lightning
 30561 | Orc:2    | Noticed an orc warlord
 30732 | Orc:2    | Killed an orc warlord
 31239 | Orc:2    | Found Xinieges's Antique Armour Shop.
 31276 | Orc:2    | Found a staircase to the Elven Halls.
 31576 | Orc:2    | Found a roughly hewn altar of Beogh.
 31650 | Orc:2    | Found Hiutyph's Antique Weapon Shoppe.
 31679 | Orc:2    | Found Pigaef's Jewellery Shop.
 31687 | Orc:2    | Bought the ring of the Mage {Wiz MR++ Int+3} for 775 gold
                  | pieces
 31687 | Orc:2    | Found the ring of the Mage {Wiz MR++ Int+3}
 31733 | Orc:2    | Found Caullem's Gadget Shoppe.
 31797 | Orc:2    | Found Looxaos's General Store.
 32079 | Elf:1    | Entered Level 1 of the Elven Halls
 32634 | D:13     | Reached skill level 10 in Air Magic
 32800 | D:13     | Reached XP level 16. HP: 76/76 MP: 34/34
 32870 | D:13     | Offered knowledge of Iron Shot by Vehumet.
 33200 | D:13     | Found a gate to the Vaults.
 33789 | D:14     | Found a burning altar of Makhleb.
 34508 | D:14     | Learned a level 6 spell: Iron Shot
 34735 | D:14     | Reached skill level 15 in Spellcasting
 35473 | D:14     | Found a runed translucent door.
 35476 | D:14     | Noticed MajorAdolf's ghost (journeyman NaWn)
 35478 | D:14     | Found a shimmering altar of Xom.
 35611 | D:14     | Got a faintly humming leather armour
 35622 | D:14     | Identified the cursed +0 leather armour of Polish {rPois
                  | rC- Int+5} (You found it on level 14 of the Dungeon)
 36149 | Spider:4 | Killed from afar by Mara (illusionary)

Skill      XL: |  1  2  3  4  5  6  7  8  9 10 11 12 13 14 15 16 |
---------------+-------------------------------------------------+-----
Conjurations   | 2 3 4 7 10 13 15 16 18 | 18.6
Summonings     | 3 5 7 10 | 10.5
Fire Magic     | 4 7 10 | 10.4
Spellcasting   | 6 10 12 15 | 15.9
Poison Magic   | 3 5 |  5.4
Dodging        | 10 | 10.8
Charms         | 7 10 | 10.7
Air Magic      | 10 | 10.2
Stealth        | |  2.4
Translocations | |  1.1
Ice Magic      | |  0.1

Action                   |  1- 3 |  4- 6 |  7- 9 | 10-12 | 13-15 | 16-18 || total
-------------------------+-------+-------+-------+-------+-------+-------++-------
Melee: Dagger            |       |     5 |    51 |     5 |       |       ||    61
       Staff             |       |       |       |     1 |    34 |     1 ||    36
 Cast: Magic Dart        |    49 |   111 |   384 |   279 |    49 |    31 ||   903
       Conjure Flame     |       |     5 |    29 |    28 |    19 |    11 ||    92
       Mephitic Cloud    |       |     2 |    30 |    22 |       |       ||    54
       Call Imp          |       |       |    14 |       |       |       ||    14
       Blink             |       |       |     3 |    18 |    41 |       ||    62
       Throw Frost       |       |       |     2 |    92 |   217 |       ||   311
       Fireball          |       |       |       |    92 |   298 |     9 ||   399
       Summon Lightning  |       |       |       |    16 |    81 |    25 ||   122
       Olgreb's Toxic Ra |       |       |       |     1 |    19 |       ||    20
       Lightning Bolt    |       |       |       |       |    91 |    84 ||   175
       Deflect Missiles  |       |       |       |       |     3 |     1 ||     4
       Conjure Ball Ligh |       |       |       |       |       |     3 ||     3
Evoke: Wand              |       |       |    12 |     1 |    10 |       ||    23
       Sack of spiders   |       |       |       |       |     1 |       ||     1
  Use: Scroll            |       |     9 |     7 |    12 |    21 |     4 ||    53
       Potion            |       |       |       |     1 |    17 |     2 ||    20
 Stab: Sleeping          |       |     1 |       |       |       |       ||     1
       Confused          |       |       |     1 |       |       |       ||     1
       Distracted        |       |       |     1 |       |       |       ||     1
  Eat: Chunk             |     2 |     7 |    28 |    36 |    52 |    10 ||   135
Armor: Robe              |       |       |    23 |    28 |    10 |       ||    61
       Steam dragon scal |       |       |       |       |    81 |     6 ||    87
       Skin              |       |       |       |       |    41 |       ||    41
       Leather armour    |       |       |       |       |       |     2 ||     2
Dodge: Dodged            |     3 |    18 |    83 |    72 |   228 |    33 ||   437
       Deflected         |       |       |       |       |    10 |     6 ||    16
